AoeStats
← Chris

Lombardia

507407673Analyzed
4v4 RM · 13d ago on Sep 18, 2026· 58m 48s· 8 players
Game mode
Random Map
Map size
Large (8 player)
Population
200
Speed
Normal
Resources
Standard
Victory
Conquest
Starting age
Dark Age
Ending age
Imperial Age
RankedLock teamsTeams togetherTeam positionsShared explorationLock speedFull tech treeHidden civsTurbo modeCheats
Victory
Defeat
🇺🇸 Hindustanis · United States
1290
+14
🇦🇷 Burgundians · Argentina
1281
+14
🇲🇽 Georgians · Mexico
1257
+15
🇨🇳 Dravidians · China
1206
+17
🇦🇷 Spanish · Argentina
1267
-16
🇨🇱 Burgundians · Chile
1264
-16
🇨🇱 Khitans · Chile
1222
-14
🇵🇪 Hindustanis · Peru
1221
-14
Inka_Roca
10:23 Feudal Age
13:25 Loom
14:00 Double-Bit Axe
16:19 Castle Age
25:28 Wheelbarrow
32:13 Scale Mail Armor
32:13 Gold Mining
32:07 Horse Collar
33:44 Chain Mail Armor
36:57 Scale Barding Armor
38:08 Chain Barding Armor
38:34 Bloodlines
38:25 Husbandry
40:58 Imperial Age
38:48 Hand Cart
39:03 Forging
41:04 Iron Casting
42:19 Plate Barding Armor
41:08 Heavy Camel Rider
42:57 Imperial Camel Rider
45:55 Blast Furnace
47:56 Gold Shaft Mining
47:19 Light Cavalry
49:25 Town Watch
52:00 Hussar
matias98ish
6:36 Loom
9:24 Feudal Age
10:35 Double-Bit Axe
11:07 Domestication
13:39 Town Watch
14:06 Forging
14:46 Scale Barding Armor
22:17 Castle Age
21:39 Gold Mining
22:27 Light Cavalry
23:43 Iron Casting
23:12 Pastoralism
23:23 Bow Saw
23:21 Husbandry
26:30 Squires
27:17 Chain Barding Armor
29:56 Wheelbarrow
29:29 Arson
34:04 Hand Cart
39:39 Imperial Age
38:27 Stone Mining
39:51 Elite Steppe Lancer
41:39 Plate Barding Armor
43:55 Ordo Cavalry
45:39 Conscription
44:50 Hussar
47:11 Transhumance
47:04 Capped Ram
49:53 Fletching
49:53 Heavy Camel Rider
53:45 Caravan
55:42 Scale Mail Armor
57:36 Chain Mail Armor
58:35 Bodkin Arrow
Murderer Potato
5:38 Loom
11:23 Feudal Age
16:09 Castle Age
15:30 Double-Bit Axe
17:07 Bow Saw
21:41 Horse Collar
26:05 Two-Man Saw
25:09 Heavy Plow
25:41 Stone Mining
27:35 Stone Shaft Mining
27:46 Crop Rotation
28:09 Wheelbarrow
29:21 Gold Mining
29:49 Hand Cart
29:58 Husbandry
29:19 Cavalier
30:43 Gold Shaft Mining
30:05 Town Watch
34:46 Imperial Age
35:03 Forging
34:59 Scale Barding Armor
35:09 Burgundian Vineyards
35:35 Paladin
37:08 Conscription
37:29 Caravan
38:55 Chain Barding Armor
39:11 Iron Casting
51:11 Plate Barding Armor
51:37 Blast Furnace
__18_Kirito_Arg
6:28 Loom
8:59 Feudal Age
9:43 Double-Bit Axe
11:02 Loom
11:02 Horse Collar
18:04 Castle Age
17:16 Bloodlines
17:34 Forging
18:08 Scale Barding Armor
19:32 Husbandry
20:34 Bow Saw
24:39 Wheelbarrow
24:13 Gold Mining
25:48 Pikeman
31:34 Imperial Age
29:12 Padded Archer Armor
29:28 Stone Mining
31:00 Stone Shaft Mining
31:53 Leather Archer Armor
32:56 Iron Casting
32:23 Town Watch
32:08 Pikeman
32:50 Fletching
35:01 Heavy Plow
35:48 Squires
36:24 Ring Archer Armor
36:17 Conscription
38:02 Blast Furnace
38:12 Scale Mail Armor
38:53 Halberdier
40:17 Chain Mail Armor
40:43 Herbal Medicine
41:43 Plate Mail Armor
41:14 Elite Conquistador
43:32 Supremacy
45:13 Chain Barding Armor
45:55 Two-Man Saw
45:11 Arson
45:23 Bodkin Arrow
45:01 Light Cavalry
46:22 Capped Ram
47:56 Plate Barding Armor
48:49 Siege Ram
49:37 Caravan
49:42 Gambesons
51:16 Bracer
50:52 Hussar
53:03 Siege Ram
54:21 Hand Cart
.|.
7:09 Loom
9:38 Feudal Age
15:39 Castle Age
14:03 Double-Bit Axe
14:09 Horse Collar
16:13 Wheelbarrow
17:09 Bow Saw
24:30 Hand Cart
30:10 Imperial Age
27:53 Gold Mining
27:54 Stone Mining
29:19 Ballistics
29:58 Stone Shaft Mining
29:57 Guard Tower
30:04 Murder Holes
30:48 Bloodlines
30:38 Husbandry
29:59 Light Cavalry
30:52 Forging
30:48 Scale Barding Armor
30:34 Fletching
30:28 Treadmill Crane
31:47 Conscription
31:59 Svan Towers
32:15 Conscription
32:51 Keep
33:25 Chemistry
34:04 Hussar
34:41 Bodkin Arrow
35:22 Iron Casting
35:08 Chain Barding Armor
37:08 Heavy Plow
36:55 Town Watch
39:25 Blast Furnace
39:01 Plate Barding Armor
38:28 Bracer
42:45 Pikeman
43:26 Squires
43:11 Gambesons
43:12 Arson
43:23 Halberdier
45:50 Arrowslits
46:16 Masonry
47:01 Scale Mail Armor
53:53 Chain Mail Armor
Chris
7:10 Loom
10:30 Feudal Age
10:57 Double-Bit Axe
12:27 Horse Collar
13:55 Forging
15:00 Scale Barding Armor
19:38 Wheelbarrow
23:20 Castle Age
23:14 Bloodlines
22:57 Gold Mining
24:24 Chain Barding Armor
23:39 Light Cavalry
24:36 Heavy Plow
25:11 Bow Saw
25:18 Husbandry
33:35 Hand Cart
34:46 Town Watch
44:15 Imperial Age
46:49 Iron Casting
45:39 Heavy Camel Rider
46:57 Plate Barding Armor
46:34 Caravan
48:33 Blast Furnace
47:25 Imperial Camel Rider
53:31 Hussar
54:28 Fortified Wall
54:28 Masonry
ValkriaN
9:05 Double-Bit Axe
9:14 Horse Collar
11:45 Feudal Age
13:10 Bow Saw
15:47 Castle Age
18:58 Two-Man Saw
20:30 Heavy Plow
23:10 Wheelbarrow
23:32 Husbandry
23:34 Stone Mining
23:36 Gold Mining
24:38 Hand Cart
25:00 Forging
24:40 Loom
25:27 Town Watch
26:01 Scale Barding Armor
27:00 Gold Shaft Mining
29:56 Burgundian Vineyards
32:34 Imperial Age
31:36 Iron Casting
31:21 Chain Barding Armor
32:10 Crop Rotation
34:17 Blast Furnace
33:52 Plate Barding Armor
33:39 Conscription
35:26 Stone Shaft Mining
34:19 Elite Coustillier
35:06 Burgundian Vineyards
36:11 Chemistry
36:53 Padded Archer Armor
39:34 Leather Archer Armor
44:09 Caravan
44:43 Town Patrol
46:02 Treadmill Crane
46:18 Murder Holes
46:43 Bombard Tower
46:09 Arrowslits
46:15 Guard Tower
46:48 Ballistics
46:38 Fortified Wall
46:38 Masonry
因为
7:31 Loom
11:29 Feudal Age
12:56 Double-Bit Axe
17:23 Castle Age
17:29 Pikeman
20:09 Horse Collar
30:26 Bow Saw
31:42 Squires
35:40 Fortified Wall
37:26 Wheelbarrow
37:43 Town Watch
38:50 Heavy Plow
41:04 Gold Mining
41:10 Stone Mining
47:06 Imperial Age
44:53 Hand Cart
46:15 Murder Holes
46:32 Masonry
46:50 Scale Mail Armor
47:02 Forging
46:44 Fletching
46:54 Padded Archer Armor
47:09 Gambesons
47:13 Arson
47:10 Halberdier
48:13 Conscription
48:15 Chain Mail Armor
49:04 Hoardings
49:30 Iron Casting
51:52 Blast Furnace
51:22 Plate Mail Armor
52:17 Caravan
53:31 Wootz Steel
54:08 Town Patrol
55:18 Elite Elephant Archer
56:14 Fletching
56:25 Padded Archer Armor
57:34 Chemistry
57:06 Ballistics
58:19 Two-Man Saw
58:28 Thumb Ring
58:34 Bodkin Arrow
58:54 Leather Archer Armor
Connection lost

Rejoining the realm…

Still unreachable

The connection could not be restored.

Session expired

The server has moved on; the page needs a fresh start.